 Dungeon Crawl Stone Soup version 0.29.0-5-ge4962eb29e (webtiles) character file.

Game seed: 14162163193984338114

84 Setbun the Magician (level 4, 0/31 HPs)
             Began as a Djinni Fire Elementalist on Aug 29, 2022.
             Slain by an adder (1 damage)
             ... on level 1 of the Dungeon.
             The game lasted 00:02:21 (2830 turns).

Setbun the Magician (Djinni Fire Elementalist)      Turns: 2830, Time: 00:02:22

Health: 0/31       AC:  2    Str:  7    XL:     4   Next: 74%
Gold:   125        EV: 12    Int: 18    God:
                   SH:  0    Dex: 14

rFire   + + .      SeeInvis .   (no weapon)
rCold   x . .      Faith    .   (no shield)
rNeg    . . .      Spirit   .   a - +0 robe
rPois   ∞          Reflect  .   (no helmet)
rElec   .          Harm     .   (no cloak)
rCorr   .          Rampage  .   (no gloves)
Will    .....                   (boots unavailable)
Stlth   ++........              (no amulet)
HPRegen 0.10/turn               (no ring)
MPRegen 0.00/turn               (no ring)

@: flying
A: sickness immunity, fire resistance 2, cold vulnerability 1, float, innate
caster, HP casting, extra vitality 1
a: no special abilities


You were on level 1 of the Dungeon.
You visited 1 branch of the dungeon, and saw 2 of its levels.

You collected 125 gold pieces.

Inventory:

Armour
 a - a +0 robe (worn)
Scrolls
 b - a scroll of fear {unknown}
 c - a scroll of identify {unknown}
 d - a scroll of butterflies {unknown}
 e - a scroll of noise {unknown}
 f - a scroll of teleportation {unknown}
 g - a scroll of torment {unknown}
Potions
 h - a potion of curing {unknown}
 i - a potion of attraction {unknown}


   Skills:
 - Level 2.1 Dodging
 - Level 1.5 Stealth
 * Level 4.0 Spellcasting


You couldn't memorise any spells.
You knew the following spells:

 Your Spells              Type           Power      Damage    Failure   Level
a - Foxfire               Conj/Fire      72%        2x1d7     2%          1
b - Scorch                Fire           36%        2d7       4%          2
c - Conjure Flame         Conj/Fire      18%        6-21      9%          3
d - Inner Flame           Hex/Fire       18%        N/A       9%          3
e - Flame Wave            Conj/Fire      18%        2d7       28%         4
f - Slow                  Hex            72%        N/A       2%          1
Your spell library was empty.

Dungeon Overview and Level Annotations

Branches:
Dungeon (2/15)

Altars:

Annotations:
D:1 2 transporters


Innate Abilities, Weirdness & Mutations

You are immune to sickness and miasma.
You are immune to poison.
Your flesh is very heat resistant. (rF++)
You are vulnerable to cold. (rC-)
You float through the air rather than walking.
You learn spells naturally, not from books.
Your magical power is your life essence.
You have superior vitality. (+4 MHP)


Message History

An adder is nearby!
Unknown command.
An adder is nearby!
An adder is nearby!
A jackal comes into view.
A jackal is nearby!
The foxfire hits the jackal.
The jackal is severely wounded.
The jackal barks!
Your magical contamination has completely faded away.
A ball python comes into view.
The ball python moves out of view.
The jackal bites you.
* * * LOW HITPOINT WARNING * * *
The jackal closely misses you. The jackal barely misses you.
The adder bites you.
* * * LOW HITPOINT WARNING * * *
A bat comes into view.
The jackal bites you.
* * * LOW HITPOINT WARNING * * *
The adder bites you.
* * * LOW HITPOINT WARNING * * *
There is a stone staircase leading up here.
You need no library to learn spells.
The adder misses you. The jackal bites you.
* * * LOW HITPOINT WARNING * * *
The adder barely misses you.
You fly upwards.
Level annotation: 2 transporters
There is a stone staircase leading down here.
You are too injured to fight recklessly!
You are too injured to fight recklessly!
Casting: Foxfire (safe; 2% risk of failure)
Press: ? - help, Q - select action, (/) - cycle Dir - look around, f - activate You conjure some foxfire!
* * * LOW HITPOINT WARNING * * *
The jackal bites you.
* * * LOW HITPOINT WARNING * * *
The adder bites you.
You die...

##..##..##..##.#..##.#.##...#...#
....##..##..##.#..##.#..#.#.#.#..
###....#..#.......#.)....[#...##.
# #...#....#...#...)....#.#.#...)
# #..#..##..#..##.#.....#...##.##
# #.#...##...#.##.##.#.##.#......
# ##..........###.##.#.#..##.###.
# ###..####.####S##...##........
# ##........v@v.....###.###.##
###########h##########.#.#.
#.##########.....
#............#### ##############


You could see an adder (ally target) and a jackal.

Vanquished Creatures
  4 gnolls (D:2)
  A worm (D:2)
  2 dart slugs (D:2)
  5 ball pythons (D:1)
  5 endoplasms
  4 goblins (D:1)
  3 hobgoblins (D:1)
  5 jackals (D:1)
  2 quokkas (D:1)
  4 bats (D:1)
  A kobold (D:1)
36 creatures vanquished.

Vanquished Creatures (collateral kills)
  10 foxfires (D:1)
10 creatures vanquished.

Vanquished Creatures (others)
  196 foxfires
196 creatures vanquished.

Grand Total: 242 creatures vanquished

Notes
Turn   | Place    | Note
-------+----------+-------------------------------------------
     0 | D:1      | Setbun the Djinni Fire Elementalist began the quest for the
                  | Orb.
     0 | D:1      | Setbun set off with the following spells memorised:
                  | Foxfire, Scorch, Conjure Flame, Inner Flame, Flame Wave.
     0 | D:1      | Reached XP level 1. HP: 15/15 MP: 0/0
   553 | D:1      | Reached XP level 2. HP: 14/21 MP: 0/0
   745 | D:1      | Found a faded altar of an unknown god.
   799 | D:1      | Reached skill level 3 in Spellcasting
  1330 | D:1      | Reached XP level 3. HP: 22/25 MP: 0/0
  1330 | D:1      | Learned a level 1 spell: Slow
  2792 | D:2      | Reached XP level 4. HP: 23/31 MP: 0/0
  2800 | D:2      | Reached skill level 4 in Spellcasting
  2830 | D:1      | HP: 1/31 [jackal (2)]
  2830 | D:1      | Slain by an adder

Illustrated notes

Levels and vault maps discovered:
D:1:      spicycebolla_arrival_transporter_tutorial, layout_loops_ring,
          shapermc_ecumenical_altar_mp_highgroup, grunt_decor_cap, minivault_26,
          fountainhead, nicolae_concentric_dashed_squares_mild,
          amcnicky_mini_pool_small, minmay_stone_trees_small,
          chequers_decorated_corner, hangedman_abyss_or_decor_stabs,
          serial_bayou_pond_a
D:2:      minmay_diamond_boxcup, layout_rooms, minmay_misc_feat_alley,
          nicolae_grassy_gnolls

Skill      XL: |  1  2  3  4 |
---------------+-------------+-----
Spellcasting   | 3 4 |  4.0
Dodging        | |  2.1
Stealth        | |  1.5

Action                   |  1- 3 |  4- 6 || total
-------------------------+-------+-------++-------
Melee: Unarmed           |    10 |       ||    10
 Cast: Foxfire           |   127 |    12 ||   139
Armor: Robe              |     7 |       ||     7
Dodge: Dodged            |     7 |     6 ||    13
